 Dungeon Crawl Stone Soup version 0.21-a0-538-gd16b88a (webtiles) character file.

76 mortelune the Digger (level 4, -8/24 HPs)
             Began as a Deep Elf Earth Elementalist on Dec 16, 2017.
             Killed by divine providence
             ... invoked by an orc priest
              (11 damage)
             ... on level 2 of the Dungeon.
             The game lasted 00:07:15 (2768 turns).

mortelune the Digger (Deep Elf Earth Elementalist)  Turns: 2768, Time: 00:07:16

Health: -8/24      AC:  2    Str:  5    XL:     4   Next: 12%
Magic:  6/11       EV: 13    Int: 21    God:
Gold:   69         SH:  3    Dex: 15    Spells: 4/10 levels left

rFire    + . .     SeeInvis .   a - +0 dagger (elec)
rCold    . . .     Gourm    .   s - +0 buckler
rNeg     . . .     Faith    .   c - +0 robe
rPois    .         Spirit   .   (no helmet)
rElec    .         Reflect  .   (no cloak)
rCorr    .         Harm     .   (no gloves)
MR       .....                  (no boots)
Stlth    ++........             (no amulet)
HPRegen  0.08/turn              v - ring of protection from fire
MPRegen  0.12/turn              (no ring)

@: no status effects
A: no striking features
a: no special abilities


You were on level 2 of the Dungeon.
You were not hungry.

You visited 1 branch of the dungeon, and saw 3 of its levels.

You collected 69 gold pieces.

Inventory:

Hand Weapons
 a - a +0 dagger of electrocution (weapon)
 g - a +0 short sword
Missiles
 b - 48 stones (quivered)
 h - 3 javelins
 j - 47 sling bullets
Armour
 c - a +0 robe (worn)
 s - a +0 buckler (worn)
Jewellery
 v - a ring of protection from fire (left hand)
Scrolls
 f - 2 scrolls of remove curse {unknown}
 k - a scroll of noise {unknown}
 l - 2 scrolls of identify {unknown}
 m - a scroll of random uselessness {unknown}
 n - a scroll of enchant weapon {unknown}
 p - a scroll of magic mapping {unknown}
 r - a scroll of teleportation {unknown}
 u - a scroll of blinking {unknown}
Potions
 i - a potion of ambrosia {unknown}
 o - a potion of flight {unknown}
 t - a potion of mutation {unknown}
Books
 e - a book of Geomancy

   Spells                             Type                      Level
   a - Sandblast                      Earth                        1
   b - Passwall                       Transmutation/Earth          2
   c - Stone Arrow                    Conjuration/Earth            3
   d - Petrify                        Transmutation/Earth          4
   e - Lee's Rapid Deconstruction     Earth                        5
Comestibles
 d - 3 bread rations
 q - a royal jelly


   Skills:
 + Level 3.3 Dodging
 - Level 2.4 Stealth
 + Level 3.8 Spellcasting
 * Level 1.0 Conjurations
 - Level 1.1 Transmutations
 + Level 4.4 Earth Magic


You had 4 spell levels left.
You knew the following spells:

 Your Spells              Type           Power        Failure   Level  Hunger
a - Sandblast             Erth           ###...       3%          1    None
b - Stone Arrow           Conj/Erth      ###...       21%         3    ###....
c - Passwall              Tmut/Erth      ###.......   10%         2    #......


Dungeon Overview and Level Annotations

Branches:
Dungeon (3/15)

Altars:
Nemelex Xobeh
Ru
Yredelemnul
The Shining One


Message History

The orc hits you with a morningstar!
Ouch! That really hurt!
* * * LOW HITPOINT WARNING * * *
An orc comes into view. It is wielding a flail.
The orc priest hits you with a club.
* * * LOW HITPOINT WARNING * * *
The orc barely misses you.
You climb upwards.
There is a stone staircase leading down here.
Casting: Sandblast
Confirm with . or Enter, or press ? or * to list all spells.
Aiming: Sandblast
Press: ? - help, Shift-Dir - straight line, f - orc priest
Aim: an orc priest, wielding a club The blast of sand hits the orc priest.
The orc priest is heavily wounded.
b - 48 stones The orc priest invokes the aid of Beogh against you.
Beogh smites you!
You die...

.............#.#.#.#
#########.#..#.#.#.#
#.#..#.#.#.#
#########.#..#.#.#.#
.......##.#....#.#.#
###....##.##.###.#.#
#......##.##.....#.#
#......##.########.#
.(............oo@#.#
#.......##########.#
####.....#### #.# #####
............# #.# #...#
.####....##.######.####.#.#
.##.....................#.#
..#.###.###.######.######.#
#.#.###.###.#....#.# #.#
....##...........#.# #.#


You could see an orc priest and an orc.

Vanquished Creatures
  2 adders
  A worm (D:2)
  3 dart slugs (D:1)
  2 leopard geckos (D:2)
  An orc (D:3)
  7 bats
  4 giant cockroaches
  4 hobgoblins
  2 jackals (D:2)
  6 kobolds
  2 frilled lizards
  6 goblins
  4 rats
44 creatures vanquished.

Notes
Turn   | Place    | Note
-------+----------+-------------------------------------------
     0 | D:1      | mortelune the Deep Elf Earth Elementalist began the quest for the Orb.
     0 | D:1      | Reached XP level 1. HP: 10/10 MP: 6/6
   339 | D:1      | Reached XP level 2. HP: 7/15 MP: 6/8
   343 | D:1      | Learned a level 2 spell: Passwall
   868 | D:1      | Reached skill level 4 in Earth Magic
  1495 | D:2      | Reached XP level 3. HP: 19/19 MP: 8/10
  1500 | D:2      | Learned a level 3 spell: Stone Arrow
  1649 | D:2      | Found a sparkling altar of Nemelex Xobeh.
  2215 | D:2      | Found a sacrificial altar of Ru.
  2332 | D:2      | Found a glowing golden altar of the Shining One.
  2613 | D:3      | Found a basalt altar of Yredelemnul.
  2619 | D:3      | Reached XP level 4. HP: 24/24 MP: 7/11
  2763 | D:3      | Reached skill level 1 in Conjurations
  2768 | D:2      | Killed from afar by an orc priest

Vault maps used:
D:1:      dpeg_arrival_circle_labyrinth_c
D:2:      tso_altar, lemuel_round_altar, nicolae_ru_sacrificial_ziggurat,
          kennysheep_generic_room_3
D:3:      yredelemnul_altar_generic

Skill      XL: |  1  2  3  4 |
---------------+-------------+-----
Earth Magic    | 4 |  4.4
Dodging        | 3 |  3.3
Conjurations   | 1 |  1.0
Stealth        | |  2.4
Spellcasting   | |  3.8
Transmutations | |  1.1

Action                   |  1- 3 |  4- 6 || total
-------------------------+-------+-------++-------
Melee: Short sword       |     6 |       ||     6
       Dagger            |    33 |       ||    33
 Cast: Sandblast         |    27 |     6 ||    33
       Stone Arrow       |    12 |     3 ||    15
 Stab: Sleeping          |     4 |       ||     4
  Eat: Chunk             |     6 |     1 ||     7
Armor: Robe              |     8 |       ||     8
Dodge: Dodged            |    34 |     1 ||    35

Table legend:
 A = Spawn XP
 B = Non-spawn XP
 C = Spawn XP percentage of total XP
 D = Spawn monster count
 E = Non-spawn monster count
 F = Spawn count percentage of total count
 G = Total turns spent on level
                    A         B        C        D         E        F      G
               +---------+---------+-------+---------+---------+-------+---------
         Total |       0 |     109 |   0.0 |       0 |      44 |   0.0 |  2768
               +---------+---------+-------+---------+---------+-------+---------
           D:1 |       0 |      36 |   0.0 |       0 |      20 |   0.0 |  1453
           D:2 |       0 |      48 |   0.0 |       0 |      17 |   0.0 |  1260
           D:3 |       0 |      25 |   0.0 |       0 |       7 |   0.0 |    55
               +---------+---------+-------+---------+---------+-------+---------
